 Dungeon Crawl Stone Soup version 0.18-a0-1343-g48c8f86 (webtiles) character file.

214 namelastname112 the Insei (level 5, -5/45 HPs)
             Began as a Draconian Monk on Feb 16, 2016.
             Was an Initiate of Ru.
             Slain by Grinder (7 damage)
             ... on level 3 of the Dungeon.
             The game lasted 00:05:16 (2883 turns).

namelastname112 the Insei (Draconian Monk)          Turns: 2883, Time: 00:05:17

Health: -5/45      AC:  6    Str: 13    XL:     5   Next: 60%
Magic:  4/4        EV: 12    Int: 11    God:    Ru [......]
Gold:   124        SH:  0    Dex: 12    Spells: 0 memorised, 4 levels left

rFire  . . .     SeeInvis .       - Unarmed
rCold  . . .     Gourm    .     (armour unavailable)
rNeg   . . .     Faith    .     (no shield)
rPois  .         Spirit   .     (helmet restricted)
rElec  .         Dismiss  .     (no cloak)
rCorr  +         Reflect  .     n - +0 pair of gloves
SustAt .         Harm     .     (no boots)
MR     .....                    (no amulet)
Stlth  ++........               (no ring)
                                j - ring of resist corrosion

@: not resistant to hostile enchantments, unstealthy
A: unfitting armour, clumsy 1, low mp 1, screaming 1, cold-blooded, subdued
magic 1, AC +5
a: Renounce Religion


You were on level 3 of the Dungeon.
You worshipped Ru.
Ru was noncommittal.
You were not hungry.

You visited 1 branch of the dungeon, and saw 3 of its levels.

You collected 124 gold pieces.

Inventory:

Armour
 n - a +0 pair of gloves (worn)
Jewellery
 j - a ring of resist corrosion (left hand)
Scrolls
 c - a scroll of identify {unknown}
 d - 2 scrolls of remove curse {unknown}
 h - 2 scrolls of magic mapping {unknown}
 i - 4 scrolls of recharging {unknown}
 m - a scroll of amnesia {unknown}
 o - 2 scrolls of immolation {unknown}
 p - a scroll of fog {unknown}
 q - a scroll of enchant weapon {unknown}
Comestibles
 a - 2 bread rations
 b - a royal jelly
 f - 3 beef jerkies
 g - 4 fruits
 l - 2 meat rations


   Skills:
 - Level 3.2 Fighting
 - Level 2.6 Dodging
 - Level 2.2 Stealth
 + Level 6.8 Unarmed Combat


You had 4 spell levels left.
You didn't know any spells.

Dungeon Overview and Level Annotations

Branches:
Dungeon (3/15)

Altars:
Cheibriados
Fedhas
Ru
Yredelemnul

Annotations:
D:3 Grinder


Innate Abilities, Weirdness & Mutations

Your plain brown scales are hard (AC +5).
Your body does not fit into most forms of armour.
You occasionally shout uncontrollably at your foes.
You are cold-blooded and may be slowed by cold attacks.
You are clumsy. (Dex -2)
Your magical capacity is low (-10% MP).
Your spells are a little easier to cast, but a little less powerful.


Message History

You kill the orc!
Grinder gestures at you. Pain shoots through your body!
You see here a flail of protection.
Grinder gestures at you. Pain shoots through your body!
* * * LOW HITPOINT WARNING * * *
Things that are here:
a club; a hobgoblin corpse Drink which item? (? for menu, Esc to quit)
You feel better. Grinder hits you!
* * * LOW HITPOINT WARNING * * *
You writhe in agony.
* * * LOW HITPOINT WARNING * * *
Unknown command.
You aren't carrying any potions.
You closely miss Grinder.
Grinder is heavily wounded.
Grinder hits you!
You die...

##...## #.###.###g#
##'## #.........# #.#
#####.##### #.# #.#
##.## #.# ##...## #.#
#.##.....# #.#
.........#### #.#
##.##....5@.########.#
# #######.)........
###########


You could see Grinder.

Vanquished Creatures
  An orc wizard (D:2)
  Robin (D:2)
  4 gnolls
  5 adders
  2 oozes
  5 worms
  A giant gecko (D:3)
  An orc (D:3)
  A giant cockroach (D:1)
  12 goblins
  12 hobgoblins
  5 jackals
  3 quokkas
  5 bats
  4 giant newts
  9 kobolds
  3 rats
74 creatures vanquished.

Vanquished Creatures (others)
  4 toadstools (D:1)
4 creatures vanquished.

Grand Total: 78 creatures vanquished

Notes
Turn   | Place    | Note
--------------------------------------------------------------
     0 | D:1      | namelastname112 the Draconian Monk began the quest for the Orb.
     0 | D:1      | Reached XP level 1. HP: 19/19 MP: 1/1
   285 | D:1      | Reached XP level 2. HP: 26/26 MP: 2/2
   885 | D:2      | Reached XP level 3. HP: 27/31 MP: 3/3
   902 | D:2      | Found a basalt altar of Yredelemnul.
  1107 | D:2      | Reached skill level 5 in Unarmed Combat
  1394 | D:2      | Found a sacrificial altar of Ru.
  1417 | D:2      | Reached XP level 4. HP: 35/38 MP: 4/4
  1427 | D:2      | Became a worshipper of Ru the Awakened
  1433 | D:2      | Gained mutation: You occasionally shout uncontrollably at your foes. [Ru sacrifice]
  1453 | D:2      | Noticed Robin
  1471 | D:2      | Killed Robin
  1716 | D:2      | You fall through a shaft!
  1716 | D:3      | Found a snail-covered altar of Cheibriados.
  1884 | D:3      | Reached skill level 6 in Unarmed Combat
  1892 | D:3      | Reached XP level 5. HP: 41/45 MP: 5/5
  2591 | D:3      | Found a blossoming altar of Fedhas.
  2861 | D:3      | Noticed Grinder
  2872 | D:3      | Gained mutation: Your spells are a little easier to cast, but a little less powerful. [potion of mutation]
  2872 | D:3      | Gained mutation: You are clumsy. (Dex -2) [potion of mutation]
  2872 | D:3      | Gained mutation: Your magical capacity is low (-10% MP). [potion of mutation]
  2882 | D:3      | HP: 2/45 [Grinder (6)]
  2883 | D:3      | Slain by Grinder

Vault maps used:
D:1:      ldierk_walled_garden_2, moated_statue
D:2:      overflow_temple_1_default, nicolae_ru_great_annihilating_truth,
          minmay_cupped, uniq_robin
D:3:      lemuel_crystal_altar, cheibriados_altar_1, first_bread,
          serial_bayou_crossing, uniq_grinder

Action                   |  1- 3 |  4- 6 || total
-------------------------+-------+-------++-------
Melee: Unarmed           |   136 |   111 ||   247
Invok: Sacrifice Purity  |       |     1 ||     1
  Use: Potion            |       |     4 ||     4
 Stab: Sleeping          |     5 |     5 ||    10
  Eat: Chunk             |     1 |     5 ||     6
